Map: Ley Lines

Players

ShoWTimE

  • Race: Protoss Protoss
  • League: Grandmaster
  • Spawn Location: 1:00

Zoun - Winner!

  • Race: Protoss Protoss
  • League: Master
  • Spawn Location: 7:00

Event: HomeStory Cup XXVII

VOD

Have the link to the VOD?

Description

Time

  • Played on: June 29, 2025, 3:30 p.m.
  • Length: 12:17

All games in this series

Show
View Real Time Build Order
Export as new Build Order

ShoWTimE Protoss 

Build Orders: Phoenix Opening, Zealot Archon 

Get SALT Encoding   

  12  0:00  Probe  
  13  0:12  Probe  
  14  0:16  Pylon  
  14  0:24  Probe  
  15  0:32  Probe  
  15  0:34  Gateway  
  15  0:40  Probe  
  16  0:46  Assimilator  
  17  0:50  Probe  
  17  0:54  Assimilator  
  18  1:03  Pylon, Probe  
  19  1:15  Probe  
  20  1:22  Cybernetics Core  
  20  1:26  Zealot  
  20  1:27  Probe  
  23  1:39  Probe  
  24  1:50  Sentry  
  24  1:51  Phoenix, Probe  
  25  1:58  Warp Gate  
  27  2:05  Nexus  
  27  2:09  Probe  
  28  2:21  Probe  
  29  2:24  Stalker  
  29  2:26  Pylon  
  31  2:33  Shield Battery  
  31  2:45  Gateway  
  31  2:48  Probe  
  32  2:54  Sentry  
  34  2:59  Gateway  
  34  3:00  Probe  
  35  3:09  Stargate  
  35  3:17  Probe  
  35  3:18  Probe  
  37  3:26  Shield Battery  
  37  3:29  Probe  
  37  3:30  Probe  
  37  3:31  Phoenix  
  39  3:41  Probe  
  39  3:42  Probe  
  39  3:46  Stalker  
  43  3:50  Probe x2  
  43  3:51  Twilight Council  
  45  3:55  Stalker  
  45  3:58  Probe x2  
  45  3:59  Stalker  
  51  4:06  Pylon, Phoenix  
  51  4:08  Probe x2  
  51  4:11  Blink  
  53  4:20  Probe  
  53  4:21  Robotics Facility  
  54  4:25  Probe  
  55  4:32  Assimilator, Probe  
  56  4:40  Pylon  
  56  4:41  Stalker x2  
  56  4:43  Probe  
  56  4:44  Probe  
  62  4:48  Phoenix  
  62  4:56  Pylon  
  62  5:00  Nexus  
  62  5:04  Stalker  
  62  5:06  Probe  
  65  5:07  Probe  
  65  5:08  Observer  
  67  5:20  Stalker x2  
  71  5:22  Probe  
  71  5:25  Shield Battery  
  71  5:28  Pylon  
  71  5:29  Probe  
  71  5:34  Probe, Forge  
  73  5:41  Probe  
  77  5:43  Probe  
  77  5:45  Protoss Ground Weapons Level 1  
  77  5:46  Gateway x2, Observer  
  77  5:47  Phoenix  
  76  5:51  Probe  
  76  5:52  Probe, Stalker  
  80  5:57  Pylon  
  80  6:00  Probe  
  81  6:09  Probe  
  81  6:11  Immortal  
  86  6:15  Probe x2  
  88  6:22  Phoenix  
  88  6:24  Probe  
  88  6:25  Gateway  
  89  6:27  Probe  
  89  6:28  Gateway  
  90  6:35  Pylon  
  90  6:40  Gateway x2  
  90  6:42  Charge  
  90  6:44  Templar Archives  
  90  6:45  Probe  
  91  6:56  Pylon  
  91  6:58  Phoenix  
  91  6:59  Nexus  
  91  7:04  Pylon  
  91  7:06  Gateway  
  91  7:07  Zealot x3  
  97  7:09  Immortal  
  101  7:18  Pylon  
  101  7:22  Probe x3  
  104  7:24  Pylon  
  104  7:27  High Templar x2  
  104  7:28  Zealot x3  
  114  7:33  Archon  
  114  7:34  Protoss Ground Weapons Level 2  
  114  7:35  Pylon  
  114  7:36  Pylon  
  114  7:37  Warp Prism  
  114  7:38  Probe x2  
  114  7:39  Probe  
  117  7:46  High Templar x2  
  123  7:51  Zealot x3, Archon  
  129  8:03  Pylon  
  129  8:04  Zealot x4  
  137  8:07  Zealot  
  139  8:21  Zealot x5  
  149  8:30  Zealot x5  
  159  8:35  Pylon  
  159  8:42  High Templar  
  159  8:43  Zealot x3, High Templar  
  159  8:46  Archon  
  169  8:51  Zealot x3  
  169  8:52  Zealot x2  
  177  9:03  Zealot x3  
  177  9:07  Pylon  
  181  9:14  Zealot x5  
  189  9:25  Zealot  
  189  9:27  Zealot x4  
  178  9:37  Zealot x5  
  154  9:52  Zealot x5  
  119  10:02  Zealot x4  
  105  10:12  Nexus  
  105  10:13  Zealot x5  
  71  10:27  High Templar x4  
  77  10:28  Zealot  
  77  10:30  Immortal  
  77  10:33  Archon  
  77  10:34  Zealot  
  77  10:35  Zealot x4, Archon  
  91  10:49  Zealot  
  93  10:53  Observer  
  93  10:55  Zealot x5  
  103  11:03  Immortal  
  103  11:05  Zealot x4  
  113  11:19  Zealot x2  
  115  11:33  High Templar  
  115  11:34  Zealot x6, High Templar  
  115  11:38  Archon  
  131  11:45  Zealot x2  
  133  11:55  Zealot x3  
  133  11:56  Zealot  
  133  11:57  Zealot x2  
  113  12:05  Zealot x2  
  113  12:06  Zealot  
Show
View Real Time Build Order
Export as new Build Order

Zoun Protoss - Winner!

Build Orders: Phoenix Opening, Blink Stalkers, Zealot Archon 

Get SALT Encoding   

  12  0:00  Probe  
  13  0:12  Probe  
  14  0:17  Pylon  
  14  0:23  Probe  
  15  0:31  Probe  
  16  0:36  Gateway  
  16  0:39  Probe  
  16  0:45  Assimilator  
  17  0:51  Probe  
  17  0:53  Assimilator  
  18  0:59  Probe  
  19  1:07  Probe, Gateway  
  19  1:17  Probe  
  20  1:23  Cybernetics Core  
  21  1:29  Probe  
  22  1:34  Pylon  
  22  1:41  Probe  
  23  1:53  Probe  
  24  1:57  Stalker x2  
  24  2:00  Warp Gate  
  28  2:09  Probe  
  28  2:12  Pylon  
  29  2:25  Stalker  
  29  2:27  Stalker  
  30  2:32  Probe  
  33  2:55  Sentry  
  33  2:56  Phoenix, Sentry  
  37  2:58  Nexus  
  37  3:09  Pylon  
  37  3:16  Probe  
  38  3:23  Twilight Council  
  38  3:29  Probe  
  38  3:33  Shield Battery  
  39  3:37  Probe  
  40  3:43  Blink  
  40  3:45  Probe  
  40  3:48  Shield Battery  
  40  3:55  Probe  
  42  4:07  Probe x2, Stalker  
  45  4:15  Probe  
  46  4:17  Stalker  
  46  4:19  Probe  
  50  4:25  Probe  
  51  4:31  Probe  
  51  4:37  Probe  
  53  4:42  Adept x2  
  53  4:43  Probe  
  58  4:46  Pylon  
  58  4:49  Probe  
  58  4:50  Robotics Facility  
  59  4:55  Probe  
  60  5:04  Stalker  
  60  5:05  Probe, Stalker  
  65  5:07  Probe  
  65  5:12  Nexus  
  66  5:17  Pylon  
  66  5:18  Probe  
  66  5:20  Probe  
  66  5:23  Phoenix  
  64  5:29  Gateway  
  64  5:30  Probe  
  64  5:32  Probe, Gateway  
  66  5:36  Shield Battery  
  66  5:38  Assimilator  
  66  5:39  Observer  
  67  5:45  Probe, Forge  
  67  5:48  Probe  
  69  5:53  Stalker  
  69  5:56  Stalker  
  69  5:57  Probe, Protoss Ground Weapons Level 1  
  73  6:00  Probe  
  73  6:01  Charge  
  75  6:07  Phoenix  
  75  6:09  Probe  
  75  6:11  Pylon, Probe  
  76  6:18  Probe  
  77  6:20  Probe  
  77  6:21  Probe  
  77  6:25  Gateway  
  80  6:26  Probe  
  80  6:28  Probe, Gateway  
  80  6:29  Probe  
  80  6:31  Observer  
  82  6:35  Probe  
  82  6:38  Assimilator  
  82  6:39  Gateway  
  84  6:42  Gateway  
  84  6:43  Probe x2  
  84  6:47  Templar Archives  
  86  6:51  Pylon  
  86  6:56  Phoenix  
  86  6:59  Pylon  
  86  7:03  Stalker x3  
  86  7:04  Stalker  
  86  7:06  Observer  
  94  7:13  Nexus  
  94  7:15  Pylon  
  94  7:18  Pylon  
  94  7:20  Probe  
  94  7:22  Observer  
  95  7:25  High Templar x2  
  95  7:26  Probe  
  95  7:27  Probe  
  95  7:29  Archon  
  101  7:31  Protoss Ground Weapons Level 2  
  101  7:32  Probe  
  101  7:33  Shield Battery  
  101  7:34  Gateway  
  101  7:35  Gateway  
  101  7:36  Photon Cannon  
  102  7:38  Probe  
  102  7:41  Zealot  
  102  7:42  Zealot  
  102  7:43  Probe  
  108  7:46  Zealot x2  
  112  7:51  High Templar  
  112  7:52  High Templar  
  112  7:54  Probe x2  
  112  7:56  Probe, Archon, Observer  
  119  7:59  Pylon x2  
  119  8:05  Zealot x3  
  123  8:06  Observer  
  123  8:09  Photon Cannon  
  123  8:12  Probe  
  124  8:20  Zealot x3  
  130  8:28  Zealot x5  
  130  8:32  High Templar  
  130  8:33  High Templar  
  143  8:36  Archon  
  143  8:42  Zealot x2  
  143  8:43  Zealot  
  143  8:45  Shield Battery  
  143  8:47  Pylon  
  143  8:48  Pylon  
  149  8:52  Zealot x5  
  157  9:04  Zealot x3  
  163  9:10  Zealot x2  
  163  9:14  Zealot x5  
  172  9:26  Zealot x3  
  178  9:34  Zealot x6  
  174  9:42  Nexus  
  160  9:46  Zealot x3, Pylon  
  119  10:00  Nexus  
  119  10:02  Zealot x4  
  119  10:05  Zealot  
  108  10:12  Zealot x3, Protoss Ground Armor Level 1  
  102  10:16  Zealot  
  94  10:22  Warp Prism, High Templar x3  
  94  10:23  High Templar  
  94  10:26  Archon  
  94  10:27  Archon, High Templar x2  
  106  10:33  Archon  
  108  10:35  High Templar  
  108  10:36  Zealot, High Templar  
  108  10:39  Archon  
  108  10:41  Zealot  
  116  10:48  Probe x3  
  119  10:54  Zealot x2  
  119  10:55  Zealot x2  
  127  10:58  Zealot  
  127  11:01  High Templar  
  127  11:02  High Templar  
  133  11:04  Observer  
  133  11:05  Archon  
  133  11:07  Zealot  
  133  11:08  Zealot x2  
  140  11:18  Zealot x5  
  140  11:23  Observer  
  151  11:31  Zealot x3  
  157  11:44  Zealot x7  
  149  12:01  Zealot x3  
  149  12:04  Zealot x3  
  149  12:07  Zealot x4  
Tags
 
Add a new tag
Caveats
  • Supply blocks, unpowered buildings, or Contaminate may cause inaccurate times.
  • Supply counts are checked every 10 seconds.